 Dungeon Crawl Stone Soup version 0.23-a0-321-g6bcb69f (console) character file.

1 bli the Insei (level 1, 0/13 HPs)
             Began as an Octopode Transmuter on Oct 15, 2018.
             Slain by a jackal (2 damage)
             ... on level 1 of the Dungeon.
             The game lasted 00:00:24 (29 turns).

bli the Insei (Octopode Transmuter)                   Turns: 29, Time: 00:00:26

Health: 0/13       AC:  1    Str:  9    XL:     1   Next: 20%
Magic:  2/3        EV: 13    Int: 15    God:
Gold:   0          SH:  0    Dex: 12    Spells: 3/4 levels left

rFire    . . .     SeeInvis .     - Unarmed
rCold    . . .     Gourm    .   (no shield)
rNeg     . . .     Faith    .   (helmet restricted)
rPois    .         Spirit   .   (no amulet)
rElec    .         Reflect  .   (no ring)
rCorr    .         Harm     .   (no ring)
MR       .....                  (no ring)
Stlth    ++........             (no ring)
HPRegen  0.04/turn              (no ring)
MPRegen  0.08/turn              (no ring)
                                (no ring)
                                (no ring)

@: appendage (expiring)
A: almost no armour, stealthy swim, amphibious, 8 rings, constrict 8, tentacle
spike 3, camouflage 1, gelatinous body 1
a: End Transformation


You were on level 1 of the Dungeon.
You were not hungry.
One of your tentacles had a temporary spike.
You visited 1 branch of the dungeon, and saw 1 of its levels.

Inventory:

Missiles
 a - 12 arrows
Comestibles
 c - a ration


   Skills:
 + Level 1.0 Fighting
 + Level 2.0 Dodging
 + Level 3.1 Unarmed Combat
 - Level 2.0 Spellcasting
 - Level 2.0 Transmutations


You had 3 spell levels left.
You knew the following spells:

 Your Spells              Type           Power        Failure   Level  Hunger
a - Beastly Appendage     Tmut           #.....       10%         1    #......

Your spell library contained the following spells:

 Spells                   Type           Power        Failure   Level  Hunger
 Sticks to Snakes         Tmut           #.......     14%         2    ###....
 Spider Form              Tmut/Pois      #.........   41%         3    ###....
 Ice Form                 Ice/Tmut       #.......     82%         4    #####..
 Blade Hands              Tmut           #.........   95%         5    ######.


Dungeon Overview and Level Annotations

Branches:
Dungeon (1/15)

Altars:


Innate Abilities, Weirdness & Mutations

You cannot wear most types of armour.
You are very stealthy in the water. (Stealth+)
You are amphibious.
You can wear up to eight rings at the same time.
You can use your tentacles to constrict eight enemies at once.
Your skin changes colour to match your surroundings (Stealth+).
Your rubbery body absorbs attacks. (AC +1, EV +1)
One of your tentacles bears a large vicious spike.


Message History

A frilled lizard comes into view.
You hear a shout!
You barely miss the kobold. Your grab misses the kobold.
Your tentacle spike The kobold closely misses you.
The jackal bites you.
You miss the jackal. Your grab misses the jackal.
Your tentacle spike misses The kobold barely misses you.
You tentacle-slap the kobold but do no damage.
Your grab misses the kobold.
Your tentacle spike misses the kobold.
The jackal The jackal bites you.
* * * LOW HITPOINT WARNING * * *
The jackal barely misses you.
A hobgoblin comes into view. It is wielding a +0 club.
You closely miss the jackal. Your grab misses the jackal.
Your tentacle spike Your transformation is almost over.
The jackal barely misses you.
You tentacle-slap the jackal. Your grab misses the jackal.
The jackal is lightly wounded.
The jackal bites you.
You die...

.............#####.####
#...#.....#.......#
..........+.......#
...#.....#.......#
#..............
#..####.......#
#.............# #
#.########..###.#
..##.#.####..........
#............### ..
..####.[####@hK##.#
#..# #..#l...# ##.#
#.##.8.## #.# #.#$...#
#.# #.#.##)g) ..# #...
##.. .. ###. .... #.
... #. ...


You could see a jackal, a hobgoblin, a kobold and a frilled lizard.

Vanquished Creatures
  A bat (D:1)
1 creature vanquished.

Notes
Turn   | Place    | Note
-------+----------+-------------------------------------------
     0 | D:1      | bli the Octopode Transmuter began the quest for the Orb.
     0 | D:1      | Reached XP level 1. HP: 13/13 MP: 3/3
    29 | D:1      | Slain by a jackal

Vault maps used:
D:1:      dpeg_arrival_line_fractal, minmay_pentomino_s4

Action                   || total
-------------------------++-------
Melee: Unarmed           ||     6
 Cast: Beastly Appendage ||     1
Armor: Skin              ||     1
Dodge: Dodged            ||     6

Table legend:
 A = Non-vault XP
 B = Vault XP
 C = Vault XP percentage of total XP
 D = Non-vault monster count
 E = Vault monster count
 F = Vault count percentage of total count
                 A         B        C        D         E       F
            +---------+---------+-------+---------+---------+-------
      Total |       0 |       2 | 100.0 |       0 |       1 | 100.0
            +---------+---------+-------+---------+---------+-------
        D:1 |       0 |       2 | 100.0 |       0 |       1 | 100.0
            +---------+---------+-------+---------+---------+-------
